[Event "Titled Tuesday Blitz August 15 Late 2023"]
[White "arturdailima"]
[Black "campochess"]
[WhiteElo "2313"]
[BlackElo "2148"]
[Result "0-1"]
[Round "4"]
[TimeControl "180+1"]
[Date "2023.08.15"]
[WhiteClock "0:00:19"]
[BlackClock "0:00:24"]
[Board "167"]

1. e4 c5 2. Nf3 Nc6 3. Nc3 g6 4. Bc4 Bg7 5. O-O d6 6. h3 Nf6 7. d3 O-O 8. a3 a6 9. Ba2 e6 10. Be3 Nd7 11. d4 cxd4 12. Nxd4 Nce5 13. f4 Nc6 14. Qd2 Nc5 15. Rfd1 Qc7 16. f5 Ne5 17. fxe6 Nxe6 18. Nd5 Qd8 19. Rf1 Nc5 20. Nc3 Be6 21. b4 Bxa2 22. Rxa2 Nc4 23. Qe2 Nxe3 24. Qxe3 Nd7 25. Nd5 Rc8 26. c3 Rc4 27. Qe2 Ne5 28. Rc2 Kh8 29. Kh1 Qh4 30. Rf4 Qh6 31. Qf1 Rcc8 32. a4 Nc6 33. Rxf7 Nxd4 34. cxd4 Rxc2 35. Rxf8+ Bxf8 36. Qf7 Qg7 37. Qe6 Qxd4 38. Nf6 Rc1+ 39. Kh2 Qe5+ 0-1


[Site "https://www.chess.com"]

[Event "Titled Tuesday Blitz August 15 Late 2023"]
[White "laskakid"]
[Black "Kujawski, Adam"]
[BlackFideId "1100920"]
[WhiteElo "2129"]
[BlackElo "2311"]
[Result "0-1"]
[Round "4"]
[TimeControl "180+1"]
[Date "2023.08.15"]
[WhiteClock "0:00:07"]
[BlackClock "0:00:05"]
[Board "168"]

1. e4 e5 2. Nf3 Nc6 3. Bc4 Nf6 4. d3 d5 5. exd5 Nxd5 6. O-O Nb6 7. Bb5 Bd6 8. Re1 f6 9. d4 O-O 10. Bxc6 bxc6 11. dxe5 fxe5 12. Bg5 Qe8 13. Nc3 Qg6 14. Ne4 Nd5 15. c4 Nf6 16. Nxd6 cxd6 17. Qxd6 e4 18. Bxf6 Rxf6 19. Qd8+ Rf8 20. Qc7 exf3 21. g3 Bg4 22. Rad1 Rf7 23. Rd8+ Rxd8 24. Qxd8+ Rf8 25. Qd4 h6 26. Qxa7 Rf7 27. Qd4 Kh7 28. a4 Qh5 29. h4 Rd7 30. Qe4+ Bf5 31. Qf4 Bg6 32. a5 Qxa5 33. Qxf3 Qxe1+ 34. Kh2 Rd2 35. Qxc6 Rxf2+ 36. Kh3 Bf5+ 37. g4 Qe3+ 0-1


[Site "https://www.chess.com"]

[Event "Titled Tuesday Blitz August 15 Late 2023"]
[White "GAO"]
[Black "Vila Dupla, Aurelio"]
[BlackFideId "2203383"]
[WhiteElo "2307"]
[BlackElo "2115"]
[Result "1/2-1/2"]
[Round "4"]
[TimeControl "180+1"]
[Date "2023.08.15"]
[WhiteClock "0:00:28"]
[BlackClock "0:00:35"]
[Board "169"]

1. a3 d5 2. c4 c6 3. Nf3 Nf6 4. e3 g6 5. b4 Bg7 6. Bb2 O-O 7. d4 a5 8. Nbd2 axb4 9. axb4 Rxa1 10. Bxa1 Na6 11. Bc3 Ne4 12. Nxe4 dxe4 13. Nd2 c5 14. Nxe4 cxb4 15. Bb2 f5 16. Nd2 f4 17. Be2 fxe3 18. fxe3 e5 19. Nf3 e4 20. Ne5 Qh4+ 21. g3 Qg5 22. Rf1 Qxe3 23. Rxf8+ Bxf8 24. Qd2 Qg1+ 25. Bf1 b3 26. Qf2 Qxf2+ 27. Kxf2 Nb4 28. Bg2 Bf5 29. g4 Be6 30. Bxe4 Nc2 31. d5 Bc8 32. Ke2 Bd6 33. Kd2 Bxe5 34. Bxe5 Bxg4 35. Bxc2 bxc2 36. Kxc2 Kf7 37. Kd2 Bd7 38. Ke3 Ba4 39. Kd4 Bb3 40. Bh8 h5 41. c5 Ke7 42. Ke5 Bc2 43. Bf6+ Kd7 44. Bg5 Bb1 45. Be3 Bc2 46. h4 Bb1 47. Bd2 Bc2 48. Ba5 Bb1 49. Kd4 Bf5 50. Kc4 Be4 51. Kd4 Bg2 52. Bd2 Bh1 53. Bf4 Bg2 54. Ke5 Bf3 55. Bd2 Bg2 56. d6 Bf1 57. Kf6 Bd3 58. Be3 Bf5 59. Bd4 Kc6 60. Ke7 Bd7 61. Kf6 Bf5 62. Be3 Kd7 63. Bd4 Be4 64. Ke5 Bf5 65. Kd5 Bc2 66. Bc3 Bf5 67. Ke5 Bd3 68. Ba5 Bf5 69. Bc7 Bd3 70. Kf6 Bf5 71. Kf7 Bd3 72. Bb8 Bf5 73. Kf6 Bd3 74. Ke5 Bf5 75. Kd4 Bb1 76. Ba7 Bf5 77. Bb6 Bb1 78. Ba5 Bf5 79. Bd2 Bb1 80. Bg5 Bf5 81. Kc3 Bb1 82. Kb2 Bf5 83. Ka1 Kc6 84. Be3 Kd7 85. Kb2 Kc6 86. Kc3 Kd7 87. Kd4 Be6 88. Ke5 Bf5 89. Kf6 Bc2 90. Bf4 Bf5 91. Be3 Bc2 92. Bd4 Bf5 93. Bg1 Bd3 94. Bh2 Bf5 95. Kg7 Bd3 96. Kf8 Bf5 97. Kf7 Be4 98. Kf6 Bd3 99. Ke5 Bc2 100. Kd4 Bb1 101. Ke5 Bf5 102. Kf6 Bb1 103. Bf4 Bf5 104. Ke5 Bb1 105. Kf6 Bf5 1/2-1/2


[Site "https://www.chess.com"]

[Event "Titled Tuesday Blitz August 15 Late 2023"]
[White "Shapiro, Daniel"]
[Black "dorpato"]
[WhiteFideId "2001780"]
[WhiteElo "2295"]
[BlackElo "2060"]
[Result "1-0"]
[Round "4"]
[TimeControl "180+1"]
[Date "2023.08.15"]
[WhiteClock "0:00:43"]
[BlackClock "0:00:03"]
[Board "170"]

1. d4 Nf6 2. c4 g6 3. Nc3 Bg7 4. e4 d6 5. Be2 O-O 6. Nf3 b6 7. Be3 c5 8. d5 e6 9. h3 exd5 10. cxd5 Re8 11. Nd2 Nbd7 12. O-O a5 13. Qc2 Ba6 14. Nb5 Nf8 15. Rfe1 Qd7 16. a4 Re7 17. Bd3 Rae8 18. Nc4 Bxb5 19. axb5 Nxe4 20. Nxb6 Qb7 21. Nc4 Nf6 22. Nxd6 Qd7 23. Nxe8 Rxe8 24. Bxc5 Nxd5 25. Bc4 Ne6 26. Red1 Nxc5 27. Rxd5 Qc7 28. Rxc5 Qxc5 29. Bxf7+ Kxf7 30. Qxc5 1-0


[Site "https://www.chess.com"]

[Event "Titled Tuesday Blitz August 15 Late 2023"]
[White "Rodriguez Santiago, Jaime"]
[Black "Bongo Akanga Ndjila, Barthelemy"]
[WhiteFideId "3100898"]
[BlackFideId "10609431"]
[WhiteElo "2268"]
[BlackElo "2031"]
[Result "0-1"]
[Round "4"]
[TimeControl "180+1"]
[Date "2023.08.15"]
[WhiteClock "0:00:38"]
[BlackClock "0:00:57"]
[Board "171"]

1. d4 d5 2. c4 e6 3. Nc3 Nf6 4. Bg5 Be7 5. Nf3 O-O 6. e3 b6 7. Bd3 Bb7 8. O-O Nbd7 9. Rc1 dxc4 10. Bxc4 Nd5 11. Bxe7 Qxe7 12. Nxd5 exd5 13. Bd3 c5 14. dxc5 Nxc5 15. Bb1 Rfe8 16. Qc2 Ne4 17. Nd4 Rac8 18. Qd3 g6 19. Rfd1 Qf6 20. f3 Nc5 21. Qd2 Qe5 22. Re1 a6 23. b4 Na4 24. Bd3 b5 25. a3 Nb6 26. Nb3 Nc4 27. Bxc4 dxc4 28. Nc5 Rcd8 29. Qf2 Bc8 30. e4 Rd4 31. Nxa6 Bxa6 32. f4 Qd6 33. e5 Qd5 34. Qg3 Rd2 35. f5 Bb7 0-1


[Site "https://www.chess.com"]

[Event "Titled Tuesday Blitz August 15 Late 2023"]
[White "Martinez, Ayelen"]
[Black "Vargas, Mauricio"]
[WhiteFideId "118702"]
[BlackFideId "4404572"]
[WhiteElo "2244"]
[BlackElo "1885"]
[Result "1-0"]
[Round "4"]
[TimeControl "180+1"]
[Date "2023.08.15"]
[WhiteClock "0:00:03"]
[BlackClock "0:00:00"]
[Board "172"]

1. e4 d5 2. exd5 Qxd5 3. Nc3 Qa5 4. Nf3 c6 5. Be2 Nf6 6. O-O Bf5 7. d4 e6 8. Re1 Bb4 9. Bd2 Qc7 10. a3 Ba5 11. Ne5 O-O 12. Bf4 Qd8 13. h3 Nbd7 14. b4 Bb6 15. Na4 Bc7 16. Nc5 Nxe5 17. dxe5 Nd5 18. Bg3 Qe7 19. Bd3 b6 20. Bxf5 bxc5 21. Be4 Nc3 22. Bxh7+ Kxh7 23. Qd3+ Kg8 24. Qxc3 cxb4 25. axb4 Bb6 26. Qxc6 1-0


[Site "https://www.chess.com"]

[Event "Titled Tuesday Blitz August 15 Late 2023"]
[White "Firouzja, Alireza"]
[Black "Sadhwani, Raunak"]
[WhiteFideId "12573981"]
[BlackFideId "35093487"]
[WhiteElo "3128"]
[BlackElo "3021"]
[Result "1-0"]
[Round "5"]
[TimeControl "180+1"]
[Date "2023.08.15"]
[WhiteClock "0:01:02"]
[BlackClock "0:00:29"]
[Board "1"]

1. e4 e5 2. Nf3 Nc6 3. Bb5 Nf6 4. d3 Bc5 5. Nc3 O-O 6. h3 d6 7. Bxc6 bxc6 8. O-O h6 9. Ne2 d5 10. exd5 e4 11. Ne5 cxd5 12. Be3 Bd6 13. f4 c5 14. d4 c4 15. Rf2 Ba6 16. c3 Rb8 17. Nc6 Qb6 18. Nxb8 Rxb8 19. Rb1 Qa5 20. f5 Rb6 21. Bf4 Qxa2 22. Bxd6 Rxd6 23. Nf4 Qa5 24. g4 Qc7 25. Qe2 Rb6 26. Qe3 Bb7 27. Rg2 Nh7 28. h4 Qd7 29. Rf1 h5 30. Nxh5 Rh6 31. f6 Qd8 32. Nxg7 1-0


[Site "https://www.chess.com"]

[Event "Titled Tuesday Blitz August 15 Late 2023"]
[White "Vachier-Lagrave, Maxime"]
[Black "Andreikin, Dmitry"]
[WhiteFideId "623539"]
[BlackFideId "4158814"]
[WhiteElo "3127"]
[BlackElo "3020"]
[Result "1-0"]
[Round "5"]
[TimeControl "180+1"]
[Date "2023.08.15"]
[WhiteClock "0:00:14"]
[BlackClock "0:00:04"]
[Board "2"]

1. d4 Nf6 2. c4 e6 3. Nf3 b6 4. Nc3 Bb7 5. Bg5 h6 6. Bh4 g5 7. Bg3 Nh5 8. e3 Nxg3 9. hxg3 Bg7 10. Bd3 d6 11. Be4 c6 12. Bc2 Nd7 13. Qd3 Qe7 14. O-O-O a6 15. Kb1 b5 16. Nd2 c5 17. cxb5 Bxg2 18. Rhe1 Bb7 19. Nc4 d5 20. Na5 Rb8 21. Nxb7 Rxb7 22. bxa6 Rb8 23. e4 cxd4 24. Nxd5 exd5 25. exd5 Ne5 26. a7 Ra8 27. Qxd4 O-O 28. f4 gxf4 29. gxf4 Ng6 30. Rxe7 Bxd4 31. Bxg6 Bf6 32. Rb7 fxg6 33. d6 Rfd8 34. b4 g5 35. fxg5 hxg5 36. b5 Be5 37. Rd5 Bf4 38. b6 Kf8 39. Rf5+ Kg8 40. Rf6 Bxd6 41. Rg6+ Kf8 42. Rxg5 Be7 43. Rf5+ Ke8 44. Re5 Rd7 45. Rxd7 Kxd7 46. Rxe7+ Kxe7 47. b7 Rxa7 48. b8=Q Rd7 49. Qe5+ Kd8 50. Qb8+ Ke7 51. a4 Rd6 52. a5 Kd7 53. Qb7+ Kd8 54. a6 Rd7 55. Qxd7+ 1-0


[Site "https://www.chess.com"]

[Event "Titled Tuesday Blitz August 15 Late 2023"]
[White "Aronian, Levon"]
[Black "Deac, Bogdan-Daniel"]
[WhiteFideId "13300474"]
[BlackFideId "1226380"]
[WhiteElo "3082"]
[BlackElo "2998"]
[Result "1/2-1/2"]
[Round "5"]
[TimeControl "180+1"]
[Date "2023.08.15"]
[WhiteClock "0:00:07"]
[BlackClock "0:00:08"]
[Board "3"]

1. e4 e5 2. Nf3 Nf6 3. Nxe5 d6 4. Nf3 Nxe4 5. Bd3 Nc5 6. Be2 d5 7. d4 Ne4 8. O-O Bd6 9. c4 c6 10. Nc3 Nxc3 11. bxc3 O-O 12. c5 Bc7 13. Bg5 f6 14. Be3 Bf5 15. c4 Be6 16. Qc2 dxc4 17. Bxc4 Bxc4 18. Qxc4+ Qd5 19. Qxd5+ cxd5 20. Rab1 Rf7 21. g3 Ba5 22. Rb5 Nc6 23. Rfb1 b6 24. cxb6 axb6 25. Rc1 Ne7 26. h4 Rff8 27. Rc7 Rfe8 28. Bf4 Rac8 29. Rb7 Rc2 30. a3 Rc6 31. Kg2 Kf8 32. Nh2 Rd8 33. Ng4 Ke8 34. Ne3 Rc3 35. Bc7 Rd7 36. Rb8+ Kf7 37. Bd8 Nc6 38. Bxb6 Nxb8 39. Bxa5 Rxa3 40. Bb4 Ra8 41. Rb6 Na6 42. Bd6 Nc7 43. Bxc7 Rxc7 44. Nxd5 Rd7 45. Nf4 Rad8 46. d5 Rd6 47. Rb3 R8d7 48. Rf3 g6 49. Re3 g5 50. hxg5 fxg5 51. Nd3 Kg7 52. Nc5 Rf7 53. Re5 h6 54. Ne4 Rd8 55. d6 Rfd7 56. Nc5 Rxd6 57. Re7+ Kf6 58. Re3 Rc6 59. Nb7 Rf8 60. Na5 Re6 61. Rd3 Kg7 62. Rd2 Ref6 63. Nb3 Re8 64. Nc5 h5 65. f3 Rf5 66. Ne4 g4 67. Nd6 gxf3+ 68. Kf2 Ref8 69. Nxf5+ Rxf5 70. Rd3 Kg6 71. Rxf3 Rxf3+ 72. Kxf3 Kg5 73. Kg2 Kg4 74. Kh2 h4 75. gxh4 Kxh4 1/2-1/2


[Site "https://www.chess.com"]

[Event "Titled Tuesday Blitz August 15 Late 2023"]
[White "Hakobyan, Aram"]
[Black "Duda, Jan-Krzysztof"]
[WhiteFideId "13306677"]
[BlackFideId "1170546"]
[WhiteElo "2974"]
[BlackElo "3057"]
[Result "0-1"]
[Round "5"]
[TimeControl "180+1"]
[Date "2023.08.15"]
[WhiteClock "0:00:00"]
[BlackClock "0:00:05"]
[Board "4"]

1. d4 Nf6 2. c4 e6 3. Nc3 Bb4 4. e3 O-O 5. a3 Bxc3+ 6. bxc3 d6 7. Ne2 e5 8. Ng3 Re8 9. f3 e4 10. Ra2 b6 11. Rf2 Bb7 12. Be2 exf3 13. gxf3 d5 14. Rg1 Nbd7 15. Qc2 Ba6 16. cxd5 Bxe2 17. Rxe2 Nxd5 18. e4 Ne7 19. e5 c5 20. Bg5 cxd4 21. Nf5 g6 22. cxd4 Nxf5 23. Bxd8 Nxd4 24. Qe4 Nxe2 25. Qxa8 Nxg1 26. Kf1 Nxf3 27. Qxf3 Rxd8 28. Qd5 Kf8 29. Qd6+ Ke8 30. e6 fxe6 31. Qxe6+ Kf8 32. Qd6+ Ke8 33. Qc7 Ke7 34. Qxa7 Rf8+ 35. Kg2 Rf5 36. Qc7 Rg5+ 37. Kf2 Rc5 38. Qg3 Kf6 39. Qh4+ Ke6 40. Qxh7 Ne5 41. Qg8+ Kf5 42. Qd8 b5 43. Qb6 Ke4 44. Kg3 Rc3+ 45. Kg2 Rc2+ 46. Kg3 Rc3+ 47. Kh4 Kf5 0-1


[Site "https://www.chess.com"]

[Event "Titled Tuesday Blitz August 15 Late 2023"]
[White "Dubov, Daniil"]
[Black "Holt, Conrad"]
[WhiteFideId "24126055"]
[BlackFideId "2034387"]
[WhiteElo "3049"]
[BlackElo "2891"]
[Result "0-1"]
[Round "5"]
[TimeControl "180+1"]
[Date "2023.08.15"]
[WhiteClock "0:00:03"]
[BlackClock "0:00:16"]
[Board "5"]

1. d4 d5 2. c4 c6 3. Nf3 Nf6 4. Nc3 dxc4 5. a4 Bf5 6. e3 e6 7. Bxc4 Bb4 8. O-O O-O 9. Qe2 Nbd7 10. e4 Bg4 11. e5 Nd5 12. Ne4 f6 13. exf6 N7xf6 14. Neg5 Re8 15. h3 Bxf3 16. Nxf3 Qc7 17. g3 Nd7 18. Qe4 Bd6 19. Kg2 Re7 20. Bg5 N7f6 21. Qc2 Rf8 22. Rae1 h6 23. Bc1 Nd7 24. Nh4 Rf6 25. Ng6 Ref7 26. f4 b5 27. Bxd5 cxd5 28. Qxc7 Bxc7 29. Ne5 Re7 30. Nc6 Re8 31. axb5 Bb6 32. f5 Kf7 33. g4 exf5 34. Rxe8 Kxe8 35. Rxf5 Rxf5 36. gxf5 Kf7 37. Kf3 Kf6 38. Kg4 h5+ 39. Kxh5 Kxf5 40. Ne7+ Ke4 41. Kg6 Bxd4 42. Nc6 Ne5+ 43. Nxe5 Bxe5 44. h4 d4 45. h5 d3 46. Kf7 Bxb2 47. Bxb2 d2 48. Bxg7 d1=Q 49. h6 Qh5+ 50. Kg8 Qe8+ 51. Bf8 Qe6+ 52. Kg7 Kf5 53. h7 Qg6+ 54. Kh8 Qf7 55. Bg7 Kg6 56. Bf8 Qxh7# 0-1


[Site "https://www.chess.com"]

[Event "Titled Tuesday Blitz August 15 Late 2023"]
[White "Delorme, Laurie"]
[Black "Bluebaum, Matthias"]
[WhiteFideId "630829"]
[BlackFideId "24651516"]
[WhiteElo "2333"]
[BlackElo "3038"]
[Result "0-1"]
[Round "5"]
[TimeControl "180+1"]
[Date "2023.08.15"]
[WhiteClock "0:00:02"]
[BlackClock "0:01:52"]
[Board "6"]

1. e4 e6 2. d4 d5 3. Nc3 Nf6 4. e5 Nfd7 5. Nce2 c5 6. c3 Nc6 7. Nf3 Be7 8. a3 O-O 9. Nf4 Qa5 10. Bd3 Nxd4 11. Nxd4 cxd4 12. b4 Qc7 13. cxd4 Qc3+ 14. Bd2 Qxd4 15. O-O Qxe5 16. Re1 Qd6 17. Qf3 Bf6 18. Rad1 Ne5 19. Qh3 Nxd3 20. Qxd3 Rd8 21. Nh5 e5 22. h3 e4 23. Qe3 Bf5 24. Nxf6+ Qxf6 25. Qg3 Qg6 26. Qh2 d4 27. Bf4 Rac8 28. Be5 d3 29. Bf4 h6 30. Be3 Rc2 31. Bxa7 d2 32. Rf1 Qd6 33. Be3 Qxh2+ 34. Kxh2 Rd3 35. g4 Bd7 36. Kg3 Ba4 37. Kf4 Ra2 38. Rb1 d1=Q 39. Rbxd1 Rxd1 40. Rxd1 Bxd1 41. Ke5 Rxa3 0-1


[Site "https://www.chess.com"]

[Event "Titled Tuesday Blitz August 15 Late 2023"]
[White "Nakamura, Hikaru"]
[Black "Mikhailov, Viacheslav"]
[WhiteFideId "2016192"]
[BlackFideId "4187369"]
[WhiteElo "3225"]
[BlackElo "2718"]
[Result "1-0"]
[Round "5"]
[TimeControl "180+1"]
[Date "2023.08.15"]
[WhiteClock "0:02:15"]
[BlackClock "0:01:08"]
[Board "7"]

1. b3 Nf6 2. Bb2 g6 3. Bxf6 exf6 4. e3 Bg7 5. d4 O-O 6. g3 f5 7. Bg2 d6 8. Ne2 c5 9. c3 Nc6 10. O-O Re8 11. Nf4 Bd7 12. Nd2 Rc8 13. Nc4 Qe7 14. dxc5 dxc5 15. Nd6 Bxc3 16. Nxc8 Bxc8 17. Nd5 Qe5 18. Nxc3 Qxc3 19. Rc1 Qe5 20. Bxc6 bxc6 21. Qc2 Be6 22. Qxc5 Bd5 23. Qd4 Qe7 24. Rfd1 a5 25. Rc5 h5 26. Rxa5 Bf3 27. Ra7 Qf8 28. Rc1 Rd8 29. Rd7 Rxd7 30. Qxd7 Bd5 31. Rxc6 Bxc6 32. Qxc6 h4 33. gxh4 Qb4 34. Qc8+ Kg7 35. Qc4 Qe1+ 36. Kg2 Kg8 37. b4 Qb1 38. a4 Qa1 39. a5 Qf6 40. b5 Qd8 41. a6 Qa8+ 42. Qc6 Qd8 43. a7 1-0


[Site "https://www.chess.com"]

[Event "Titled Tuesday Blitz August 15 Late 2023"]
[White "Eljanov, Pavel"]
[Black "Naroditsky, Daniel"]
[WhiteFideId "14102951"]
[BlackFideId "2026961"]
[WhiteElo "2913"]
[BlackElo "3162"]
[Result "1/2-1/2"]
[Round "5"]
[TimeControl "180+1"]
[Date "2023.08.15"]
[WhiteClock "0:00:08"]
[BlackClock "0:00:07"]
[Board "8"]

1. d4 Nf6 2. c4 d6 3. Nc3 Bf5 4. f3 e5 5. e4 exd4 6. Qxd4 Nc6 7. Qd2 Be6 8. b3 g6 9. Bb2 Bg7 10. Nge2 O-O 11. Nf4 Nd7 12. Ncd5 Nde5 13. Be2 a5 14. O-O a4 15. Kh1 Ne7 16. Ne3 N7c6 17. b4 Qg5 18. g3 Qd8 19. a3 Bd7 20. Nfd5 Bh3 21. Rf2 Nd7 22. Bxg7 Kxg7 23. Qc3+ Kg8 24. f4 Be6 25. Rg1 Re8 26. Bd3 Bxd5 27. cxd5 Na7 28. g4 Qf6 29. Qxf6 Nxf6 30. e5 dxe5 31. fxe5 Rxe5 32. Rxf6 Rxe3 33. Rg3 Rxg3 34. hxg3 Nc8 35. Rf1 Nb6 36. Rc1 Nxd5 37. Be4 c6 38. Bxd5 cxd5 39. Rc7 Rd8 40. Kg2 d4 41. Kf2 d3 42. Ke1 d2+ 43. Kd1 Rd3 44. Rxb7 Rxa3 45. Ra7 Rxg3 46. Rxa4 Rxg4 47. Kxd2 h5 48. Kc3 h4 49. Ra2 Rg3+ 50. Kc4 h3 51. Rh2 g5 52. b5 g4 53. b6 Rg1 54. Rb2 Rc1+ 55. Kd3 Rc8 56. Ke3 g3 57. b7 Rb8 58. Kf3 g2 59. Kf2 Kg7 60. Rb3 f6 61. Rg3+ Kf7 62. Rxh3 Kg7 63. Rg3+ Kf7 64. Rb3 Ke6 65. Kxg2 Kd6 66. Kf3 Kc6 67. Kf4 Rxb7 68. Rxb7 Kxb7 69. Kf5 Kc6 70. Kxf6 1/2-1/2


[Site "https://www.chess.com"]

[Event "Titled Tuesday Blitz August 15 Late 2023"]
[White "Fedoseev, Vladimir"]
[Black "Rasulov, Vugar"]
[WhiteFideId "24130737"]
[BlackFideId "13402390"]
[WhiteElo "3117"]
[BlackElo "2887"]
[Result "1-0"]
[Round "5"]
[TimeControl "180+1"]
[Date "2023.08.15"]
[WhiteClock "0:00:15"]
[BlackClock "0:00:00"]
[Board "9"]

1. b3 e5 2. Bb2 Nc6 3. e3 g6 4. Nf3 Bg7 5. c4 Nge7 6. d4 d6 7. Be2 O-O 8. O-O h6 9. d5 Nb8 10. e4 f5 11. Nbd2 Nd7 12. exf5 gxf5 13. Nh4 Bf6 14. Nhf3 Ng6 15. Re1 Kh7 16. Qc2 e4 17. Nd4 Bxd4 18. Bxd4 Nde5 19. f3 Nf4 20. fxe4 Rg8 21. Bf1 Qh4 22. Qc3 fxe4 23. Nxe4 Bf5 24. Bxe5 dxe5 25. Ng3 Raf8 26. Qxe5 Rxg3 27. hxg3 Qxg3 28. Qe7+ Kg6 29. Kh1 Rf6 30. Qe8+ Kg5 31. Qe3 Qh4+ 32. Kg1 Kh5 33. g3 Rg6 34. Qf3+ Bg4 35. Qxf4 Qg5 36. Qxg5+ 1-0


[Site "https://www.chess.com"]

[Event "Titled Tuesday Blitz August 15 Late 2023"]
[White "Kravtsiv, Martyn"]
[Black "Martinez Alcantara, Jose Eduardo"]
[WhiteFideId "14113147"]
[BlackFideId "3805662"]
[WhiteElo "2833"]
[BlackElo "3016"]
[Result "1-0"]
[Round "5"]
[TimeControl "180+1"]
[Date "2023.08.15"]
[WhiteClock "0:00:23"]
[BlackClock "0:00:13"]
[Board "10"]

1. e4 c5 2. Nf3 d6 3. Bb5+ Nd7 4. d4 cxd4 5. Qxd4 a6 6. Bxd7+ Bxd7 7. O-O Rc8 8. c4 e5 9. Qd3 Qc7 10. b3 b5 11. Na3 Qb7 12. Re1 Be7 13. h3 h6 14. cxb5 axb5 15. Bd2 Nf6 16. Bb4 Bc6 17. Nh4 g6 18. Rac1 O-O 19. Qe3 Kg7 20. Bd2 Rh8 21. f4 Nh5 22. fxe5 Bxh4 23. exd6 Bxe1 24. Rxe1 Rce8 25. Bc3+ f6 26. Qd4 Re6 27. e5 f5 28. Qd2 g5 29. Nc2 Nf4 30. Nd4 Kg6 31. g3 Nxh3+ 32. Kh2 Qf7 33. Kxh3 Kh7 34. Nxc6 f4 35. Qd3+ Rg6 36. e6 Qb7 37. Ne5 Rg8 38. d7 g4+ 39. Kh2 fxg3+ 40. Kxg3 h5 41. d8=Q h4+ 42. Kxh4 Qg7 43. Qxg8+ 1-0


[Site "https://www.chess.com"]

[Event "Titled Tuesday Blitz August 15 Late 2023"]
[White "Xiong, Jeffery"]
[Black "Pakleza, Zbigniew"]
[WhiteFideId "2047640"]
[BlackFideId "1119290"]
[WhiteElo "2974"]
[BlackElo "2824"]
[Result "1-0"]
[Round "5"]
[TimeControl "180+1"]
[Date "2023.08.15"]
[WhiteClock "0:00:16"]
[BlackClock "0:00:00"]
[Board "11"]

1. e4 d6 2. d4 Nf6 3. Nc3 c6 4. Nf3 Bg4 5. h3 Bh5 6. g4 Bg6 7. Bd3 e6 8. Be3 d5 9. e5 Nfd7 10. Ne2 c5 11. c3 Nc6 12. Nf4 Bxd3 13. Nxd3 cxd4 14. cxd4 Be7 15. O-O Rc8 16. a3 O-O 17. b4 Nb6 18. Re1 Nc4 19. Bf4 a5 20. b5 Nb8 21. a4 Nd7 22. Qb3 Qb6 23. Kg2 Rc7 24. h4 Rfc8 25. h5 h6 26. Rec1 Nf8 27. Kg3 Nh7 28. Rc3 Nd6 29. Rxc7 Ne4+ 30. Kg2 Qxc7 31. Rc1 Qd8 32. Rc2 Rc7 33. Ng1 Qc8 34. Rxc7 Qxc7 35. Ne2 Qc4 36. Qxc4 dxc4 37. Nb2 c3 38. Nc4 Bb4 39. f3 Nd2 40. Nd6 Bxd6 41. exd6 Nf8 42. Nxc3 Nc4 43. Ne4 b6 44. Nc5 bxc5 45. dxc5 Nd7 46. c6 Ncb6 47. Be3 Kf8 48. cxd7 Nxd7 49. Bd2 Nb6 50. Bxa5 Nxa4 51. d7 1-0


[Site "https://www.chess.com"]

[Event "Titled Tuesday Blitz August 15 Late 2023"]
[White "Paravyan, David"]
[Black "Lobanov, Sergei"]
[WhiteFideId "4194985"]
[BlackFideId "24183750"]
[WhiteElo "2969"]
[BlackElo "2765"]
[Result "0-1"]
[Round "5"]
[TimeControl "180+1"]
[Date "2023.08.15"]
[WhiteClock "0:00:06"]
[BlackClock "0:00:05"]
[Board "12"]

1. Nf3 d5 2. g3 g6 3. Bg2 Bg7 4. d4 Nf6 5. O-O O-O 6. c4 c6 7. cxd5 cxd5 8. Ne5 Ne4 9. Nc3 Nxc3 10. bxc3 Nc6 11. Nxc6 bxc6 12. Qa4 Qb6 13. Ba3 Qa6 14. Qxa6 Bxa6 15. Rfb1 Bxe2 16. Bxe7 Rfb8 17. Bf1 Bxf1 18. Kxf1 Bf8 19. Bf6 Bd6 20. Rb3 a5 21. Rab1 a4 22. Rb7 Kf8 23. Ke2 Ke8 24. Kd3 Rxb7 25. Rxb7 Rb8 26. Ra7 a3 27. f4 Rb2 28. Ra8+ Kd7 29. Be5 Be7 30. Ra7+ Ke6 31. g4 f5 32. gxf5+ gxf5 33. Rc7 Rxa2 34. Rxc6+ Kd7 35. Rh6 Rb2 36. h3 a2 37. Ra6 Kc8 38. Ra7 Kd8 39. c4 Rb3+ 40. Kc2 Ra3 0-1


[Site "https://www.chess.com"]

[Event "Titled Tuesday Blitz August 15 Late 2023"]
[White "Kazakouski, Valery"]
[Black "Martin Barcelo, Carles"]
[WhiteFideId "13507443"]
[BlackFideId "24561444"]
[WhiteElo "2923"]
[BlackElo "2537"]
[Result "1-0"]
[Round "5"]
[TimeControl "180+1"]
[Date "2023.08.15"]
[WhiteClock "0:00:39"]
[BlackClock "0:00:00"]
[Board "13"]

1. Nf3 Nf6 2. c4 g6 3. g3 Bg7 4. Bg2 O-O 5. O-O d6 6. d4 Bf5 7. Nc3 Ne4 8. Nh4 Nxc3 9. bxc3 Bc8 10. f4 Nc6 11. e4 e5 12. Be3 exf4 13. Bf2 fxg3 14. Bxg3 Qg5 15. Qd3 Bg4 16. Rf2 Rae8 17. Raf1 h5 18. h3 Bc8 19. Kh2 Bh6 20. Bf4 Qxh4 21. Bxh6 Nd8 22. Qd2 Qe7 23. Bxf8 Rxf8 24. Qh6 Ne6 25. Rf6 Bd7 26. R6f3 c5 27. d5 Ng5 28. Rg3 Nxe4 29. Re3 Qe5+ 30. Kg1 Bf5 31. Rf4 Re8 32. Bxe4 Bxe4 33. Rfxe4 Qxe4 34. Rxe4 Rxe4 35. Qg5 Rxc4 36. Qd8+ Kg7 37. Qxd6 Re4 38. Qxc5 b6 39. Qc7 Re1+ 40. Kf2 Rd1 41. d6 Rd5 42. d7 1-0


[Site "https://www.chess.com"]

[Event "Titled Tuesday Blitz August 15 Late 2023"]
[White "Bortnyk, Olexandr"]
[Black "Jaracz, Pawel"]
[WhiteFideId "14120828"]
[BlackFideId "1102222"]
[WhiteElo "3078"]
[BlackElo "2730"]
[Result "1-0"]
[Round "5"]
[TimeControl "180+1"]
[Date "2023.08.15"]
[WhiteClock "0:02:58"]
[BlackClock "0:01:00"]
[Board "14"]

1. d4 d5 2. Nc3 c6 3. Bf4 Qb6 4. Rb1 Bf5 5. e3 e6 6. Nf3 Nd7 7. Bd3 Bg6 8. h4 Ngf6 9. Ne5 Be7 10. h5 Bxd3 11. cxd3 Nxe5 12. Bxe5 O-O 13. O-O Nd7 14. Qg4 Nxe5 15. dxe5 Rae8 16. h6 g6 17. d4 c5 18. Ne2 Qa6 19. a3 Qd3 20. dxc5 Bxc5 21. Rbc1 Rc8 22. Rc3 Qf5 23. Qxf5 gxf5 24. Rfc1 1-0


[Site "https://www.chess.com"]

[Event "Titled Tuesday Blitz August 15 Late 2023"]
[White "Lamaze, Simon"]
[Black "Grischuk, Alexander"]
[WhiteFideId "36069264"]
[BlackFideId "4126025"]
[WhiteElo "2724"]
[BlackElo "3037"]
[Result "0-1"]
[Round "5"]
[TimeControl "180+1"]
[Date "2023.08.15"]
[WhiteClock "0:01:35"]
[BlackClock "0:00:40"]
[Board "15"]

1. c4 e5 2. g3 d6 3. Bg2 f5 4. Nc3 Nf6 5. b4 Be7 6. Nf3 O-O 7. d3 a6 8. O-O Qe8 9. Rb1 h6 10. b5 axb5 11. Nxb5 Bd8 12. Qb3 Kh8 13. a4 Be6 14. Ba3 Nc6 15. e3 Qh5 16. Nxd6 cxd6 17. Qxb7 Rc8 18. Bxd6 Rf7 19. Qb5 e4 20. Nd2 Na7 21. Qe5 Ng4 22. h3 Nxe5 23. Bxe5 exd3 0-1


[Site "https://www.chess.com"]